[Event "*** Titled Tuesday Blitz"]
[Site "Chess.com"]
[Date "2020.12.29"]
[Round "2"]
[White "TomasKapitanchuk"]
[Black "ZiggyStardust64"]
[Result "0-1"]
[WhiteElo "2436"]
[BlackElo "2691"]
[TimeControl "180+1"]
[EndTime "10:19:16 PST"]
[Termination "ZiggyStardust64 won by resignation"]

1. e4 e5 2. Nf3 Nc6 3. Bc4 Nf6 4. d3 d5 5. exd5 Nxd5 6. O-O Be7 7. h3 O-O 8. Re1 Bf6 9. Nbd2 Bf5 10. Ne4 Re8 11.
Bxd5 Qxd5 12. Nxf6+ gxf6 13. Bh6 Bg6 14. Nd2 Qd4 15. Ne4 Re6 16. c3 Qb6 17. Qf3 f5 18. Ng5 e4 19. dxe4 Ne5 20. Qg3 f4 21. Qxf4 Nd3 22.
Qh4 Rf6 23. Re3 Nxf2 24. Nf3 Nxe4 25. Kh1 Re8 26. Rae1 Rfe6 27. Nd4 Re5 28. Bf4 R5e7 29. Bg5 Re5 30. Bf4 R5e7 31. Kh2 c5 32. Nb3 Qc6 33. Bh6 Qd6+ 34. Kg1 f5 35. Bf4 Qc6 36. Nd2 Rg7 37.
Nf3 Bf7 38. Ne5 Qe6 39. Nd3 b6 40. Be5 Rg6 41. Bf4 Rg7 42. Ne5 Bg6 43. Nf3 Bf7 44.
Ng5 Qg6 45. R1e2 Nxg5 46. Rxe8+ Bxe8 47. Bxg5 Bf7 48. Bf6 Qh5 49. Qf4 Qxe2 50. Bxg7 Kxg7 51. Qxf5 Qe1+ 52. Kh2 Qe6 53. Qg5+ Bg6 54. Qd8 a5 55. Qc7+ Kf6 56. Qf4+ Qf5 57. Qd6+ Qe6 58. Qd8+ Kf5 59.
g4+ Ke4 60. Kg3 Qe5+ 61. Kg2 Qd5 62. Qe7+ Kd3+ 63. Kg3 Kc2 64. Qe2+ Qd2 65. Qb5 Qd3+ 66.
Qxd3+ Bxd3 67. b4 cxb4 68. cxb4 axb4 0-1

[Event "*** Titled Tuesday Blitz"]
[Site "Chess.com"]
[Date "2020.12.29"]
[Round "2"]
[White "Heineccius"]
[Black "BrandonJacobson"]
[Result "0-1"]
[WhiteElo "2587"]
[BlackElo "2931"]
[TimeControl "180+1"]
[EndTime "10:19:17 PST"]
[Termination "BrandonJacobson won by resignation"]

1. d4 d5 2. c4 e6 3. Nc3 h6 4. e3 Nf6 5. Bd3 a6 6. b3 c5 7. Nf3 Nc6 8. O-O dxc4 9. Bxc4 b5 10. Be2 cxd4 11. exd4 Bb7 12. Be3 Bd6 13. Rc1 O-O 14. a4 b4 15. Nb1 Nd5 16. Nfd2 Nxe3 17. fxe3 Qg5 18. Bf3 Qxe3+ 19. Kh1 Na5 20. Nc4 Nxc4 21. Bxb7 Ra7 22. Bxa6 Nb2 23. Qe2 Qxd4 24. Rc2 Rxa6 25. Qxa6 Nd3 26. Rd2 Qe5 27. g3 Qe4+ 28. Rg2 Ne1 29.
Qe2 Qxg2+ 30. Qxg2 Nxg2 31. Kxg2 Rc8 32. Rd1 Be5 33.
Nd2 Rc2 34. Kf3 Rb2 35. Ke4 Bc3 36. Nc4 Rxb3 37. a5 f5+ 38. Kd3 Bf6+ 39. Ke2 Rc3 40. Nb6 Ra3 41. Nc4 Ra2+ 42. Kf3 b3 43. Rd7 b2 44.
Rb7 Bc3 45. Rb8+ Kh7 46. Ke3 Bxa5 47. Kd3 Bc7 48. Rb7 b1=Q+ 49. Rxb1 Rxh2 50. Rb7 Bxg3 51. Ke3 Bh4 52. Kf4 Bf6 53. Kg3 Rh4 54. Nd6 Rg4+ 55. Kf3 h5 56. Ne8 Kg6 57. Rb6 Re4 58. Nc7 Kf7 59. Rb7 Be7 60. Nb5 Kf6 61. Nc3 Rc4 62.
Ne2 g5 63. Ng3 h4 64. Kg2 hxg3 0-1

[Event "*** Titled Tuesday Blitz"]
[Site "Chess.com"]
[Date "2020.12.29"]
[Round "2"]
[White "KetiGrant"]
[Black "rududuyk"]
[Result "0-1"]
[WhiteElo "2450"]
[BlackElo "2290"]
[TimeControl "180+1"]
[EndTime "10:19:17 PST"]
[Termination "rududuyk won on time"]

1. e4 e6 2. d4 d5 3. Nc3 Bb4 4. e5 c5 5. a3 Bxc3+ 6. bxc3 Ne7 7. Nf3 b6 8. Bb5+ Bd7 9. Bd3 Ba4 10. O-O c4 11. Be2 Kd7 12. Ng5 Qg8 13. Bh5 g6 14. Bg4 h6 15. Nf3 g5 16. Bh5 Qh7 17. Ra2 Na6 18. h3 Nf5 19. Nh2 Ng7 20. Bxf7 Raf8 21. Bh5 Nxh5 22. Qxh5 Bxc2 23. Ng4 Bg6 24. Qxh6 Qxh6 25.
Nxh6 Rxh6 26. Bxg5 Rh5 27. h4 Nc7 28. g4 Rh7 29. a4 Rf3 30. Rc1 Be4 31. Kh2 Rhf7 32. Bf6 Rf4 33. Kg3 Rf3+ 34. Kh2 Rf4 35. Rg1 Ne8 36. f3 Rxf3 37. g5 Rxc3 38. g6 Rxf6 39.
exf6 Nxf6 40. g7 Ng8 41. Rf2 Bf5 42. Rg3 Rxg3 43. Kxg3 c3 44. h5 c2 45. Rf1 a6 46.
Kf4 b5 47. axb5 axb5 48. Kg5 b4 49. h6 b3 50. Rxf5 exf5 51. h7 c1=Q+ 52. Kxf5 Qf1+ 53. Ke5 Qe2+ 54. Kxd5 Qf3+ 55. Kc5 Qc6+ 56. Kb4 Qb6+ 57.
Kc3 Qc7+ 58. Kxb3 Qg3+ 59. Kb4 Qxg7 60. hxg8=Q Qxg8 0-1

[Event "*** Titled Tuesday Blitz"]
[Site "Chess.com"]
[Date "2020.12.29"]
[Round "2"]
[White "serena-maria"]
[Black "Pertinhez76"]
[Result "0-1"]
[WhiteElo "2370"]
[BlackElo "2109"]
[TimeControl "180+1"]
[EndTime "10:19:19 PST"]
[Termination "Pertinhez76 won by checkmate"]

1. Nf3 Nf6 2. g3 g6 3. Bg2 Bg7 4. O-O O-O 5. c4 d6 6. Nc3 e5 7. d3 Nc6 8. Rb1 a5 9. a3 Bd7 10. Nd2 Re8 11. b4 axb4 12. axb4 Qc8 13.
b5 Nd4 14. Nb3 Bh3 15. Nxd4 exd4 16. Nd5 Bxg2 17. Kxg2 Nxd5 18. cxd5 Qf5 19. Qc2 Qxd5+ 20. Kg1 h5 21. h4 Ra2 22. Rb2 Rxb2 23. Qxb2 Re5 24. Bf4 Qxb5 25. Qa2 Re8 26. Rb1 Qa6 27. Qc2 c5 28. e4 dxe3 29. Bxe3 b5 30. Qb3 b4 31. Qd5 Re5 32. Qb3 Qc6 33. Rd1 Re8 34. Rd2 Ra8 35. Ra2 Rxa2 36. Qxa2 Kh7 37. Qxf7 Qa4 38.
Kh2 Qa6 39. Bg5 Qa8 40. Bf6 Qf8 41. Qxf8 Bxf8 42. Kg2 Kg8 43. Kf3 Kf7 44. Bb2 Ke6 45.
Ke4 d5+ 46. Kf4 Bh6+ 47. Kf3 Bd2 48. g4 Bc3 49. Bxc3 bxc3 50. gxh5 gxh5 51. Ke3 d4+ 52. Ke2 Kf5 53. Kd1 Kf4 54. Kc2 Kf3 55. Kb3 Kxf2 56.
Kc2 Ke3 57. Kb3 Kxd3 58. Ka2 Kd2 59. Kb1 c2+ 60. Ka2 c1=Q 61. Kb3 Qc3+ 62. Ka2 Qb4 63. Ka1 Kc2 64. Ka2 Qb2# 0-1

[Event "*** Titled Tuesday Blitz"]
[Site "Chess.com"]
[Date "2020.12.29"]
[Round "2"]
[White "EugeneRougon"]
[Black "bilelou"]
[Result "1/2-1/2"]
[WhiteElo "2767"]
[BlackElo "2532"]
[TimeControl "180+1"]
[EndTime "10:19:20 PST"]
[Termination "Game drawn by repetition"]

1. e4 c5 2. Nf3 Nc6 3. Bb5 Nb8 4.
O-O a6 5. Be2 d6 6. Re1 Nf6 7. Bf1 Bg4 8. d3 e6 9. Nbd2 Be7 10. h3 Bh5 11. g3 O-O 12. Bg2 Nc6 13. c3 Nd7 14. d4 cxd4 15. cxd4 Nxd4 16. Nc4 Nxf3+ 17. Bxf3 Bxf3 18. Qxf3 Rc8 19. Qe2 Qc7 20. b3 Bf6 21. Rb1 b5 22. Ne3 Bc3 23. Rd1 Nf6 24. Ng4 Nxg4 25. Qxg4 Rfd8 26. Bg5 Rd7 27. Rbc1 Kh8 28. Rd3 b4 29. Bd2 Qa5 30. Bxc3 bxc3 31. Rc2 h6 32. Qf3 Rdc7 33. Rxd6 Qe5 34. Qd3 a5 35. Rd8+ Kh7 36. Rxc8 Rxc8 37. Kg2 Qc5 38. Qe3 Qc6 39. Qf3 Rc7 40. h4 Qc5 41. Kh2 Qd4 42.
Kg2 g6 43. Qe3 Qb4 44. Qf4 Kg7 45. Qxc7 Qxe4+ 46. Kh2 Qxc2 47. Qe5+ Kh7 48. Qf6 Kg8 49. Qd8+ Kg7 50. Qd4+ Kh7 51. Qf6 Qf5 52. Qxc3 Qxf2+ 53. Kh3 Qxa2 54. Qf6 Kg8 55. Qd8+ Kg7 56. Qd4+ Kf8 57. Qd8+ Kg7 58. Qd4+ Kg8 59. Qd8+ Kh7 60. Qf6 Kg8 61. Qd8+ 1/2-1/2

[Event "*** Titled Tuesday Blitz"]
[Site "Chess.com"]
[Date "2020.12.29"]
[Round "2"]
[White "Piotrek1979"]
[Black "FGHSMN"]
[Result "1/2-1/2"]
[WhiteElo "2382"]
[BlackElo "2649"]
[TimeControl "180+1"]
[EndTime "10:19:20 PST"]
[Termination "Game drawn - insufficient material"]

1. Nf3 Nf6 2. c4 e6 3. g3 c5 4. Bg2 Nc6 5. O-O Be7 6. d4 cxd4 7. Nxd4 O-O 8. b3 Qc7 9. Bb2 d6 10. Nc3 a6 11. Rc1 Nxd4 12. Qxd4 Bd7 13. Rfd1 Rfd8 14. h3 Rac8 15. Kh2 Qb8 16. e4 Bc6 17. Qe3 Bf8 18. f4 b5 19. cxb5 axb5 20. Ne2 Be7 21. Bxf6 Bxf6 22. Rxc6 Rxc6 23. e5 Qb6 24. Qxb6 Rxb6 25.
exf6 gxf6 26. a4 bxa4 27. bxa4 d5 28. f5 Rb2 29. Nf4 Rd6 30. h4 d4 31. fxe6 fxe6 32. Kh3 e5 33. Nh5 d3 34. a5 d2 35. Be4 Kh8 36.
Kg4 Ra2 37. Kf5 Rxa5 38. Nxf6 Rc5 39. Bf3 e4+ 40. Kxe4 Rxf6 41. Rxd2 Rc4+ 42. Kd3 Rd6+ 43. Kxc4 Rxd2 44. g4 Kg7 45. Be4 Rh2 46. h5 h6 47.
Bf5 Kf6 48. Kd5 Re2 49. Kd4 Kg5 50. Kd5 Kf4 51. Kd4 Rd2+ 52. Kc3 Ke3 53. Kc4 Rd4+ 54. Kc5 Rd8 55. Kc4 Kf4 56. Kc3 Ke3 57. Kc4 Rd1 58.
Kc3 Rc1+ 59. Kb2 Kd2 60. Kb3 Rc3+ 61. Kb4 Rc7 62. Kb3 Ke3 63. Kb4 Kd4 64. Kb3 Rc3+ 65. Kb4 Rc4+ 66. Kb3 Kc5 67. Be6 Re4 68. Bf5 Re3+ 69.
Kc2 Kd4 70. Kd2 Rg3 71. Kc2 Ke5 72. Kd2 Kf4 73. Ke2 Rg2+ 74. Kd3 Kf3 75. Be4+ Kxg4 76.
Bxg2 Kxh5 77. Ke3 Kg5 78. Kf2 h5 79. Bh3 h4 80. Kf3 Kf6 81. Kg4 Ke7 82. Kg5 Kd6 83. Kxh4 1/2-1/2

[Event "*** Titled Tuesday Blitz"]
[Site "Chess.com"]
[Date "2020.12.29"]
[Round "2"]
[White "Shepherdboy"]
[Black "klimkoj"]
[Result "0-1"]
[WhiteElo "2314"]
[BlackElo "2582"]
[TimeControl "180+1"]
[EndTime "10:19:20 PST"]
[Termination "klimkoj won on time"]

1. Nf3 Nf6 2. c4 e6 3. Nc3 Bb4 4. d4 c5 5. e3 O-O 6. Bd3 Nc6 7.
O-O d5 8. cxd5 exd5 9. dxc5 Bg4 10. Be2 Bxc3 11. bxc3 Qa5 12. Bb2 Qxc5 13. Qa4 Bxf3 14. Bxf3 Rfe8 15. Ba3 Qxc3 16. Rab1 Ne5 17. Rxb7 Nxf3+ 18.
gxf3 Qe5 19. Bb2 Qg5+ 20. Kh1 Qf5 21. Kg2 Ne4 22. Qd4 f6 23. Rc1 Nd6 24. Rb3 Nc4 25.
Qg4 Qxg4+ 26. fxg4 Rab8 27. Bd4 a6 28. Rcb1 Rxb3 29.
Rxb3 Kf7 30. h4 Kg6 31. Rb7 h5 32.
gxh5+ Kh6 33. Ra7 Re6 34. a4 Rd6 35. f4 Nd2 36. Kh3 Ne4 37. Kg4 Rc6 38. Ra8 Kh7 39.
a5 Nf2+ 40. Kf5 Ne4 41. Bb6 Nd6+ 42. Ke6 Nc4+ 43. Kxd5 Nxb6+ 44. axb6 Rxb6 45. e4 Rb5+ 46. Kd6 Rb4 47. e5 Rd4+ 48. Ke7 Rxf4 49. e6 Re4 50. Kf7 f5 51. Rxa6 f4 52. e7 f3 53. Re6 f2 54.
Rxe4 f1=Q+ 55. Ke6 Qa6+ 56. Kf7 Qa2+ 57. Re6 Qf2+ 58.
Ke8 Qa7 59. Kf7 Qd7 0-1

[Event "*** Titled Tuesday Blitz"]
[Site "Chess.com"]
[Date "2020.12.29"]
[Round "2"]
[White "rubhani"]
[Black "Tagliata"]
[Result "1-0"]
[WhiteElo "2486"]
[BlackElo "2304"]
[TimeControl "180+1"]
[EndTime "10:19:21 PST"]
[Termination "rubhani won by resignation"]

1. Nf3 g6 2. h4 h5 3. d4 Bg7 4.
Bg5 Nf6 5. e3 d5 6. Nbd2 c6 7.
Bd3 Bg4 8. O-O Nbd7 9. c3 Qb6 10. Qb3 Qxb3 11. axb3 a6 12. Nh2 Be6 13. f4 Ng4 14. f5 Bxf5 15. Bxf5 gxf5 16. Rxf5 e6 17. Rff1 f6 18.
Bf4 f5 19. Nhf3 Bf6 20. b4 Ke7 21. Nb3 Rhg8 22. Nc5 Nxc5 23. bxc5 Kd7 24. b3 Rae8 25. Rae1 e5 26. Bg5 Bg7 27. Nh2 Rgf8 28. Nxg4 fxg4 29.
b4 e4 30. Bf4 Ke6 31. Rf2 Rf7 32. Ref1 Ref8 33. g3 Bf6 34. Kg2 Bg7 35. Rc2 Bf6 36. Rfc1 Be7 37. c4 dxc4 38. Rxc4 Kd5 39. R4c2 Bf6 40.
Rd2 Bg7 41. Rb1 Rf5 42. Rc1 R5f7 43. Re1 Rf5 44. Rf1 R5f7 45. Rff2 Rf6 46. Kf1 Bh6 47.
Bxh6 Rf3 48. Bf4 Kc4 49. Rb2 Kd3 50. Rxf3 exf3 51. Kf2 Ke4 52. Rd2 Rd8 53. d5 cxd5 54. Rd4+ Kf5 55. e4+ Ke6 56. Ke3 Rd7 57. exd5+ Rxd5 58. Rxd5 Kxd5 59. Kd3 Kc6 60. Be3 Kb5 61. Kc3 a5 62.
bxa5 Kxa5 63. Kc4 Ka4 64. Bf2 Ka5 65. Kd5 Kb5 66. Kd6 Ka6 67. Kc7 Ka7 68. c6+ Ka6 69. cxb7 1-0

[Event "*** Titled Tuesday Blitz"]
[Site "Chess.com"]
[Date "2020.12.29"]
[Round "2"]
[White "TigrVShlyape"]
[Black "tlomigtlis"]
[Result "1-0"]
[WhiteElo "2863"]
[BlackElo "2553"]
[TimeControl "180+1"]
[EndTime "10:19:24 PST"]
[Termination "TigrVShlyape won by checkmate"]

1. e4 c5 2. Nf3 d6 3. Nc3 Nf6 4. Bc4 Nc6 5. O-O e6 6. d3 Be7 7. a3 O-O 8. Ba2 d5 9. e5 Nd7 10. Re1 f6 11. exf6 Nxf6 12. Ne2 Nh5 13. Ng3 Nxg3 14. hxg3 Kh8 15. Bf4 Bf6 16. c3 Qb6 17. Qd2 Bd7 18. Ne5 Nxe5 19. Bxe5 Bxe5 20. Rxe5 Qd6 21.
Rae1 Rf6 22. d4 Raf8 23. f3 b6 24. Bb1 Be8 25. g4 Bd7 26. g5 Rf4 27. Kf2 g6 28. R1e3 Kg7 29. g3 R4f7 30. f4 a5 31. Kg2 c4 32. Bc2 b5 33. Bd1 b4 34. axb4 axb4 35. Bg4 bxc3 36. bxc3 Re7 37. Qe1 Rfe8 38. f5 gxf5 39.
Bxf5 Qa3 40. Re2 Kf8 41. g6 h6 42. Bxe6 Ba4 43. Rf5+ Kg7 44. Rf7+ Rxf7 45. gxf7 Rf8 46. Rf2 Qd6 47. Qe3 Bd7 48. Bxd7 Qxd7 49. Qe5+ Kh7 50.
Qf6 Qg4 51. Qe7 Kg7 52. Qe5+ Kh7 53. Qxd5 Qg6 54. Qxc4 Qe4+ 55. Kh2 h5 56. Qc5 h4 57. Qh5+ Kg7 58. Qg5+ Kh7 59. Qxh4+ Qxh4+ 60. gxh4 Kg7 61. Kg3 Kh6 62. Kg4 Kg6 63. h5+ Kh6 64. Rf6+ Kg7 65. Kg5 Kh7 66. h6 Kh8 67. d5 Kh7 68. d6 Kh8 69. d7 Kh7 70. c4 Rd8 71. c5 Rf8 72. c6 Rd8 73. c7 Rf8 74. Rg6 Rg8 75. fxg8=N Kh8 76. Ne7 Kh7 77. Nd5 Kh8 78. d8=N Kh7 79. Nf6+ Kh8 80. Nf7# 1-0

[Event "*** Titled Tuesday Blitz"]
[Site "Chess.com"]
[Date "2020.12.29"]
[Round "2"]
[White "anon102030"]
[Black "KarstenHansch"]
[Result "1-0"]
[WhiteElo "2707"]
[BlackElo "2478"]
[TimeControl "180+1"]
[EndTime "10:19:24 PST"]
[Termination "anon102030 won by resignation"]

1. e4 c5 2. Nc3 d6 3. g3 Nc6 4. Bg2 g6 5. d3 Bg7 6. Be3 Rb8 7. Nf3 b5 8. d4 b4 9. Ne2 cxd4 10. Nexd4 Bb7 11.
O-O Nf6 12. Nxc6 Bxc6 13. e5 Nd5 14. Bxa7 Ra8 15. Bd4 O-O 16. exd6 Qxd6 17. Bxg7 Kxg7 18. Qd4+ f6 19. Rfd1 Rfd8 20. Nd2 Qc7 21. Ne4 Nc3 22. bxc3 Rxd4 23. cxd4 Bd5 24. Nc5 Qc6 25. Bh3 Rxa2 26. Rxa2 Bxa2 27. Ra1 Bf7 28. Bg2 Bd5 29. Ra6 Bxg2 30.
Rxc6 Bxc6 31. Na6 e5 32. dxe5 fxe5 33. Nxb4 Bb7 34. Kf1 Kf6 35. Ke2 Kf5 36. Ke3 g5 37. c4 h5 38. c5 Kg4 39. c6 Bc8 40. Nd3 Kf5 41. Nc5 Kg4 42. Ne4 Be6 43. c7 h4 44.
gxh4 gxh4 45. h3+ Kh5 46. Nd6 Bxh3 47. c8=Q Bxc8 48. Nxc8 Kg4 49. Nd6 h3 50. Ne4 h2 51.
Ng3 Kh3 52. Kf3 Kh4 53. Kg2 Kg4 54. Kxh2 Kf3 55. Kg1 e4 56. Nf1 Kg4 57. Ne3+ Kf3 58.
Nf1 Kg4 59. Nd2 Kf4 60. Nc4 Kf3 61. Kf1 Kf4 62. Ke2 Kg4 63. Ke3 Kf5 64. Nd6+ Ke5 65. Nxe4 Kf5 66. f4 Ke6 67. Ng3 Kf6 68. Ke4 Ke6 69.
f5+ Kf6 70. Kf4 Kf7 71. Ke5 Ke7 72. f6+ Kf7 73. Kf5 Kf8 74. Ke6 Ke8 75. f7+ Kf8 76.
Ne4 Kg7 77. Ke7 Kg6 78. f8=Q 1-0

[Event "*** Titled Tuesday Blitz"]
[Site "Chess.com"]
[Date "2020.12.29"]
[Round "2"]
[White "Das_Virus_2020"]
[Black "NovakCabarkapa"]
[Result "1/2-1/2"]
[WhiteElo "2507"]
[BlackElo "2727"]
[TimeControl "180+1"]
[EndTime "10:19:25 PST"]
[Termination "Game drawn by repetition"]

1. e4 e6 2. Qe2 c5 3. Nf3 Nc6 4.
g3 g6 5. Bg2 Bg7 6. c3 e5 7.
O-O Nge7 8. Rd1 O-O 9. Na3 b6 10. Nc2 d5 11. exd5 Nxd5 12. d4 exd4 13. cxd4 Re8 14.
Qf1 Bf5 15. Ne3 Nxe3 16. Bxe3 Qc8 17. dxc5 Bxb2 18. cxb6 Bxa1 19. Rxa1 axb6 20. Nd4 Be4 21. Nf3 Ne5 22. Nxe5 Rxe5 23. Bxb6 Bxg2 24. Qxg2 Rxa2 25. Rf1 Qa8 26. Bd4 Qxg2+ 27. Kxg2 Rf5 28. Be3 h5 29. h4 Re5 30. Kf3 Re7 31. Rd1 f6 32. Rd6 Kf7 33.
Rc6 Ra4 34. Rb6 Rg4 35. Rc6 Rge4 36. Rb6 R4e6 37. Rb5 Rd7 38. Rc5 Re5 39. Rc6 g5 40. hxg5 fxg5 41. Rh6 Rf5+ 42. Kg2 g4 43. Rh8 Ke6 44. Re8+ Re7 45. Rh8 Ref7 46. Rh6+ R7f6 47. Rh8 Kd5 48. Rh7 Ke4 49. Re7+ Kd3 50. Rd7+ Ke2 51.
Re7 Kd3 52. Rd7+ Ke4 53. Re7+ Re5 54. Rd7 Kf5 55. Bd4 Ke6 56. Bxe5 Kxe5 57. Rd3 Kf5 58. Rd5+ Kg6 59. Rd4 Kg5 60. Rc4 Rf5 61. Rd4 h4 62.
gxh4+ Kxh4 63. Rc4 Kg5 64. Rd4 Rf6 65. Rc4 Rf5 66. Rd4 Rf6 67. Rc4 Rf5 1/2-1/2

[Event "*** Titled Tuesday Blitz"]
[Site "Chess.com"]
[Date "2020.12.29"]
[Round "2"]
[White "tdf98pantani"]
[Black "ErikRonka"]
[Result "1-0"]
[WhiteElo "2655"]
[BlackElo "2372"]
[TimeControl "180+1"]
[EndTime "10:19:26 PST"]
[Termination "tdf98pantani won by resignation"]

1. d4 d5 2. c4 c6 3. Nf3 Nf6 4. Nc3 e6 5. e3 Nbd7 6. Qc2 Bd6 7.
b3 O-O 8. Be2 b6 9. O-O Bb7 10.
Rd1 Qe7 11. Bb2 Rfd8 12. Rac1 Rac8 13. Qb1 c5 14. cxd5 Nxd5 15. Nxd5 Bxd5 16. e4 Bb7 17. g3 cxd4 18. Nxd4 Nf6 19. Rxc8 Rxc8 20. f3 h5 21.
Nb5 Bc5+ 22. Kg2 h4 23. Be5 Bc6 24. Nd6 Rd8 25. Nc4 hxg3 26. hxg3 Rxd1 27. Qxd1 Qd7 28.
Qc2 Ne8 29. Bb2 f6 30. a3 Nd6 31. Nd2 Nf7 32. b4 Bd6 33. Nc4 Bc7 34. Qd3 Qxd3 35.
Bxd3 Kf8 36. a4 Ke7 37. b5 Bb7 38. Ba3+ Ke8 39. Ne3 Bd6 40. Bb2 Be5 41. Bc1 Bd6 42. Bc4 Ne5 43. Bxe6 Nd3 44. Bd2 g6 45. Bd5 Nc5 46.
Bxb7 Nxb7 47. Nd5 Kf7 48. f4 Nc5 49. Kf3 Nxa4 50. g4 Nc5 51. Bc3 Be7 52. f5 gxf5 53. exf5 Bd8 54. Nf4 Na4 55. Bb4 Nc5 56. Bxc5 bxc5 57.
Ke4 Ke7 58. Kd5 Bb6 59. Ne6 Kf7 60. Nxc5 Kg7 61. Ne4 Bd8 62. Ke6 Kh6 63. Nxf6 Kg5 64. Nd5 Bb6 65. Nxb6 1-0

[Event "*** Titled Tuesday Blitz"]
[Site "Chess.com"]
[Date "2020.12.29"]
[Round "2"]
[White "zverr1"]
[Black "The_Chess_Coach"]
[Result "1-0"]
[WhiteElo "2478"]
[BlackElo "2294"]
[TimeControl "180+1"]
[EndTime "10:19:26 PST"]
[Termination "zverr1 won by resignation"]

1. d4 Nf6 2. c4 g6 3. Nc3 Bg7 4.
e4 d6 5. h3 O-O 6. Be3 e5 7. d5 Nbd7 8. g4 a5 9. Nge2 Nc5 10.
Ng3 c6 11. Qd2 Bd7 12. f3 cxd5 13. cxd5 a4 14. Be2 Qa5 15. h4 Rfc8 16. h5 a3 17. b4 Qxb4 18. Rb1 Qa5 19. hxg6 fxg6 20. Nb5 Bxb5 21. Rxb5 Qxd2+ 22. Kxd2 Na4 23. Rxb7 Rab8 24.
Rhb1 Rxb7 25. Rxb7 Nc3 26. Rb3 Nxa2 27. Rxa3 Nb4 28. Rc3 Ra8 29. Bb6 Ra2+ 30. Ke3 Nc2+ 31. Kf2 Nd4 32. Re3 Nd7 33. Bc7 Bh6 34. Bxd6 Bxe3+ 35. Kxe3 Ra6 36. Bb4 Ra4 37. Bd6 Nxe2 38.
Nxe2 Ra6 39. Bb4 Rb6 40. Bc3 Rb3 41. Kd2 Kf7 42. Nc1 Rb8 43. Nd3 Kf6 44. f4 h5 45.
g5+ Ke7 46. fxe5 Rc8 47. e6 Nb6 48. Bb4+ Kd8 49. Ne5 Nc4+ 50. Nxc4 Rxc4 51. Ba5+ Ke7 52. Kd3 Ra4 53. Be1 Ra3+ 54. Kd4 Ra4+ 55. Ke5 h4 56. Bxh4 Ra6 57. Be1 Ra4 58. d6+ Ke8 59. Bc3 Rc4 60. Bd4 Rc6 61. Bb2 Rb6 62. Ba3 Rb5+ 63. Kf6 Ra5 64.
d7+ Kd8 65. Be7+ Kc7 66. d8=Q+ Kb7 67. Qxa5 1-0

[Event "*** Titled Tuesday Blitz"]
[Site "Chess.com"]
[Date "2020.12.29"]
[Round "2"]
[White "Kislov_Oleg"]
[Black "szefru"]
[Result "1-0"]
[WhiteElo "2429"]
[BlackElo "2209"]
[TimeControl "180+1"]
[EndTime "10:19:26 PST"]
[Termination "Kislov_Oleg won by checkmate"]

1. e4 e5 2. Nf3 Nc6 3. d4 exd4 4. Nxd4 Bc5 5. Be3 Bb6 6. Bc4 Nge7 7. Nc3 d6 8. O-O O-O 9. f4 Kh8 10. Nd5 Nxd5 11.
Bxd5 Ne7 12. Bb3 Ng6 13. f5 Ne5 14. f6 Rg8 15. fxg7+ Rxg7 16. Kh1 Qh4 17. Bg1 Bg4 18. Qe1 Qh5 19. Nf5 Bxf5 20. Rxf5 Qg6 21. Qf1 Ng4 22. Bxf7 Qh6 23. Bh5 Bxg1 24. Qxg1 Ne3 25. Rf3 Nxg2 26. Rg3 Rxg3 27. hxg3 Ne3 28. Qh2 Rg8 29. g4 Qg5 30. Rg1 Nc4 31. Qg3 Qf6 32. Rg2 Rg5 33. Kh2 Ne5 34. Qc3 Nxg4+ 35. Bxg4 Qxc3 36. bxc3 Rc5 37. Rg3 Kg7 38. Be2+ Kf6 39. c4 Ke5 40. Bd3 Ra5 41.
Rg7 Kd4 42. Rxc7 Rxa2 43. Rxb7 a5 44. Rb6 a4 45. Rxd6+ Ke3 46. c5 Kf2 47. c6 Rb2 48.
c7 Rb5 49. Bxb5 a3 50. Bc4 h5 51. Ba2 h4 52. c8=Q h3 53. Qf5+ Ke1 54. Kxh3 Ke2 55. Qd5 Ke3 56. Qd3+ Kf4 57. Rf6+ Kg5 58. Rf5+ Kg6 59. Qg3+ Kh7 60. Rh5# 1-0

[Event "*** Titled Tuesday Blitz"]
[Site "Chess.com"]
[Date "2020.12.29"]
[Round "2"]
[White "FrenchMonster2002"]
[Black "natelleka"]
[Result "1-0"]
[WhiteElo "2431"]
[BlackElo "2205"]
[TimeControl "180+1"]
[EndTime "10:19:32 PST"]
[Termination "FrenchMonster2002 won by resignation"]

1. e4 e5 2. Nf3 Nf6 3. Nxe5 Nxe4 4.
Qe2 Qe7 5. Qxe4 d6 6. d4 dxe5 7.
dxe5 Nc6 8. Nc3 Qxe5 9. Qxe5+ Nxe5 10. Bf4 Bd6 11. Bg3 Bd7 12. O-O-O O-O-O 13. Bb5 Rhe8 14. Rhe1 f6 15. Bxd7+ Rxd7 16. Nb5 Red8 17. Nxa7+ Kb8 18. Nb5 Nf7 19. Bxd6 Nxd6 20. Nxd6 cxd6 21. Rd5 Kc7 22. c4 Ra8 23. a3 Ra4 24. Re4 Kc6 25. Rdd4 Kc5 26. Kc2 Kc6 27. Kb3 Ra5 28. Re3 Rh5 29. h3 Rf5 30. f4 Ra5 31. Kb4 Ra8 32. a4 Rad8 33. Kc3 Ra8 34. b3 Ra5 35. Rde4 Rf5 36.
g4 Ra5 37. Kb4 Ra8 38. Re7 Rad8 39. Rxd7 Rxd7 40. Kc3 Kc5 41. b4+ Kc6 42. Kd4 b6 43.
b5+ Kc7 44. Kd5 Rf7 45. Re6 Rd7 46. Re8 Kb7 47. Rh8 Rc7 48. Rxh7 Rc5+ 49. Kd4 Rc7 50. h4 Kc8 51. h5 Kd8 52. h6 gxh6 53. Rxh6 Rg7 54.
Rxf6 Rxg4 55. Rxd6+ Ke7 56. Rxb6 Rxf4+ 57. Kc5 Rf5+ 58.
Kc6 Rf4 59. c5 Rxa4 60. Kb7 Rc4 61. c6 Kd8 62. Ra6 Rc5 63. Ra8+ Ke7 64. b6 Kd6 65. c7 Kd7 66. Rd8+ Ke7 67. c8=Q 1-0

[Event "*** Titled Tuesday Blitz"]
[Site "Chess.com"]
[Date "2020.12.29"]
[Round "2"]
[White "Gulkov_Igor"]
[Black "Aleksey_Sorokin"]
[Result "0-1"]
[WhiteElo "2538"]
[BlackElo "2830"]
[TimeControl "180+1"]
[EndTime "10:19:34 PST"]
[Termination "Aleksey_Sorokin won by checkmate"]

1. Nf3 Nf6 2. c4 g6 3. Nc3 d5 4.
cxd5 Nxd5 5. e4 Nxc3 6. dxc3 Qxd1+ 7. Kxd1 f6 8. Be3 e5 9. Nd2 h5 10. h4 Bh6 11. Bxh6 Rxh6 12. Kc2 Rh7 13. g3 Nd7 14. a4 a5 15. Nc4 Nb6 16. Nxb6 cxb6 17. Bb5+ Bd7 18.
Bxd7+ Rxd7 19. Rhd1 g5 20. Rxd7 Kxd7 21. Rh1 Rh8 22.
Kb3 g4 23. Rd1+ Kc6 24. Kc4 Rf8 25. Rd5 Rc8 26. b4 axb4 27. cxb4 Ra8 28. Kb3 Rf8 29. Kc4 Re8 30. Kc3 Rc8 31. Kc4 Ra8 32. Kb3 Re8 33. Kc4 Kc7 34. Kb5 Re6 35. Kc4 Rc6+ 36. Kd3 Rc1 37. a5 bxa5 38. Rxa5 Rd1+ 39. Ke3 Re1+ 40.
Kd3 Rd1+ 41. Ke3 Rb1 42. Ra4 b5 43. Ra7+ Kb6 44. Rf7 Rb3+ 45. Ke2 Rxb4 46. Rxf6+ Kc5 47. Rf5 Kd4 48. Rxh5 Rb2+ 49. Kf1 b4 50. Rh7 Rc2 51. Rb7 Rc4 52. h5 Kc3 53. h6 Rc6 54. h7 Rh6 55.
Ke2 b3 56. f3 Rh2+ 57. Ke3 gxf3 58. Kxf3 b2 59. Kg4 Rxh7 60. Rb6 Rh1 61. Kf5 b1=Q 62. Rxb1 Rxb1 63. Kxe5 Kc4 64. g4 Rb5+ 65. Kf6 Kd4 66. g5 Kxe4 67. g6 Rb6+ 68. Kf7 Kf5 69. g7 Rb7+ 70.
Kf8 Kf6 71. g8=Q Rb8# 0-1

[Event "*** Titled Tuesday Blitz"]
[Site "Chess.com"]
[Date "2020.12.29"]
[Round "2"]
[White "BeanScreen"]
[Black "Blue_Ratatoeskr"]
[Result "0-1"]
[WhiteElo "2651"]
[BlackElo "2351"]
[TimeControl "180+1"]
[EndTime "10:19:37 PST"]
[Termination "Blue_Ratatoeskr won by checkmate"]

1. e4 e5 2. Nf3 Nf6 3. Nxe5 d6 4. Nf3 Nxe4 5. Nc3 Nxc3 6. dxc3 Be7 7. Bf4 O-O 8. Qd2 Nd7 9. O-O-O Nc5 10. Bd3 Nxd3+ 11. Qxd3 Bg4 12. h3 Bh5 13. g4 Bg6 14. Qd2 Qd7 15.
Ne5 Qa4 16. Nxg6 fxg6 17. Qd5+ Kh8 18. Be3 c6 19. Qe6 Rae8 20. Kb1 d5 21. Bd4 Ba3 22. Qxe8 Rxe8 23. bxa3 Qb5+ 24. Ka1 c5 25. Be3 Qc4 26. Rd3 h6 27. Rhd1 Rd8 28. Rb1 b6 29. Re1 d4 30.
Bc1 Rf8 31. Bb2 Rxf2 32. Kb1 Qd5 33. cxd4 c4 34. Rde3 Qg2 35. Rc3 Rf1 36. Re3 Rxe1+ 37. Rxe1 Qd2 38. Rf1 c3 39. Bc1 Qxd4 40. Rf3 g5 41. Rd3 Qc5 42. Be3 Qb5+ 43. Kc1 Qb2+ 44. Kd1 Qb1+ 45. Bc1 Qa1 46. Re3 Kh7 47. Rd3 b5 48.
Re3 a5 49. Rd3 b4 50. axb4 axb4 51. Rd4 Qb1 52. Rc4 Kg6 53. Rc6+ Kf7 54. Rc4 Ke6 55. Rc6+ Kd5 56. Rb6 Kc5 57. Rb8 Qxa2 58. Rc8+ Kd5 59.
Rd8+ Ke4 60. Re8+ Kf3 61. Re3+ Kg2 62. Rd3 Qb1 63. Re3 b3 64. Re2+ Kf3 65. cxb3 Qxb3+ 66. Ke1 Qb1 67. Kd1 Qd3+ 68. Rd2 c2+ 69. Ke1 Qe3+ 70. Kf1 Qe4 71. Rf2+ Kg3 72. Re2 Qh1# 0-1

[Event "*** Titled Tuesday Blitz"]
[Site "Chess.com"]
[Date "2020.12.29"]
[Round "2"]
[White "nitpicker"]
[Black "peixe64"]
[Result "0-1"]
[WhiteElo "2240"]
[BlackElo "2447"]
[TimeControl "180+1"]
[EndTime "10:19:39 PST"]
[Termination "peixe64 won on time"]

1. d4 Nf6 2. c4 e6 3. Nf3 d5 4. g3 dxc4 5. Bg2 a6 6. O-O Be7 7.
Ne5 O-O 8. Nc3 Nc6 9. Bxc6 bxc6 10. Nxc6 Qe8 11. Nxe7+ Qxe7 12. Qa4 Bb7 13. Qxc4 Rfd8 14.
Bf4 Rac8 15. Rfd1 Nd5 16. Nxd5 Bxd5 17. Qxa6 Ra8 18. Qd3 Bxa2 19. Rdc1 Qb4 20. Bxc7 Rxd4 21. Ba5 Qd6 22. Qf3 Bd5 23. Qc3 Rc4 24. Qe3 Rxc1+ 25. Qxc1 h5 26. h4 Qe5 27. Qd2 Qe4 28. f3 Qg6 29. Kf2 Rc8 30. Rc1 Ra8 31. Bc3 Qf5 32.
Qd4 f6 33. e4 Qh3 34. exd5 Qh2+ 35. Ke3 exd5 36. Qxd5+ Kh7 37. Qxa8 Qg1+ 38. Kf4 Qxc1+ 39.
Kf5 Qc2+ 40. Ke6 Qe2+ 41. Kf7 Qc4+ 42. Kf8 Qc5+ 43. Kf7 Qc4+ 44. Ke7 Qc5+ 45. Ke6 Qc4+ 46. Qd5 Qc8+ 47. Kd6 Qd8+ 48. Kc5 Qc7+ 49. Kd4 Qxg3 50. Qe4+ Kh8 51. b4 Qd6+ 52. Ke3 Qb6+ 53. Qd4 Qe6+ 54. Kd2 Qh3 55. Qd8+ Kh7 56. Qd3+ Kh8 57. Qe4 Qg2+ 58. Kd3 Qa2 59. b5 Qf7 60. Qc4 Qd7+ 61. Bd4 Qf5+ 62. Kc3 Qxf3+ 63. Kb4 Qb7 64. b6 Qe7+ 65.
Qc5 Qd7 66. Qc7 Qxd4+ 67. Kb5 Qd5+ 68. Ka6 Qa2+ 69. Kb7 Qd5+ 70. Kb8 Kh7 71. b7 Qg8+ 72. Qc8 Qd5 0-1